 Dungeon Crawl Stone Soup version 0.27.1-1-g398f81649c (webtiles) character file.

Game seed: 13764109431080090482

24603 Rickety the Unseen (level 12, -3/90 HPs)
             Began as a Spriggan Enchanter on Sept 16, 2021.
             Was a High Priest of Dithmenos.
             Slain by a cane toad simulacrum (4 damage)
             ... in an ice cave.
             The game lasted 01:15:05 (21563 turns).

Rickety the Unseen (Spriggan Enchanter)            Turns: 21563, Time: 01:15:05

Health: -3/90      AC:  7    Str:  4    XL:     12   Next: 82%
Magic:  22/25      EV: 22    Int: 17    God:    Dithmenos [*****.]
Gold:   1077       SH:  0    Dex: 18    Spells: 15/27 levels left

rFire    . . .     SeeInvis +   a - +4 dagger (flame)
rCold    + + .     Faith    .   (shield restricted)
rNeg     . . .     Spirit   .   j - +1 robe {rC+ rF+}
rPois    .         Reflect  .   (helmet restricted)
rElec    .         Harm     .   A - scarf {+Inv}
rCorr    .         Rampage  .   (gloves unavailable)
Will     ++...                  (boots unavailable)
Stlth    ..........             (no amulet)
HPRegen  0.25/turn              B - +4 ring of protection
MPRegen  0.19/turn              x - ring of ice

@: berserking (expiring), wreathed by umbra, very quick
A: very small, no large weapons, unfitting armour, see invisible, speed 3,
clumsy 1
a: Renounce Religion, Evoke Invisibility, Shadow Step, Shadow Form


You were in an ice cave.
You worshipped Dithmenos.
Dithmenos was extremely pleased with you.
You visited 4 branches of the dungeon, and saw 16 of its levels.
You also visited: Ice Cave.

You collected 1100 gold pieces.
You spent 23 gold pieces at shops.

Inventory:

Hand Weapons
 a - a +4 dagger of flaming (weapon)
 b - a +1 short sword of electrocution
 q - a +5 short sword
 r - a +1 dagger
 z - a +1 dagger of protection
 C - a +3 dagger
 H - a +3 dagger of draining
 I - a +1 scimitar of flaming
 L - a +1 dagger of speed
 R - a +1 dagger of flaming
Missiles
 t - 3 poisoned darts (quivered)
 J - 8 atropa-tipped darts
 Q - 8 curare-tipped darts
Armour
 j - a +1 robe of resistance (worn)
 A - a scarf of invisibility (worn)
 M - a +0 troll leather armour
 O - a +0 buckler
Jewellery
 x - a ring of ice (right hand)
 B - a +4 ring of protection (left hand)
 N - the ring of Suph {rPois rN++ Will+}
   (You found it on level 12 of the Dungeon)

   [ring of poison resistance]

   rPois:     It protects you from poison.
   rN:        It greatly protects you from negative energy.
   Will:      It increases your willpower.
 P - a ring of wizardry
 S - a ring of magical power
Wands
 s - a wand of digging (3)
 u - a wand of polymorph (16)
 y - a wand of paralysis (12)
Scrolls
 d - 3 scrolls of identify
 g - a scroll of vulnerability {unknown}
 h - 3 scrolls of amnesia
 i - 2 scrolls of magic mapping
 k - a scroll of holy word {unknown}
 o - a scroll of brand weapon {unknown}
 w - 2 scrolls of teleportation
 D - a scroll of torment {unknown}
 E - 2 scrolls of fog {unknown}
 F - 2 scrolls of enchant weapon {unknown}
 K - a scroll of enchant armour {unknown}
 T - a scroll of blinking {unknown}
Potions
 c - 2 potions of haste
 e - a potion of berserk rage
 f - a potion of might {unknown}
 l - 5 potions of curing
 n - 3 potions of lignification
 p - a potion of brilliance {unknown}
 G - 2 potions of flight {unknown}


   Skills:
 * Level 5.1 Fighting
 * Level 5.6 Short Blades
 - Level 2.0 Throwing
 * Level 7.6 Dodging
 * Level 20.3 Stealth
 - Level 2.0 Shields
 - Level 8.0 Spellcasting
 - Level 2.0 Conjurations
 - Level 10.0 Hexes
 - Level 2.0 Ice Magic
 * Level 5.3 Invocations
 - Level 6.0 Evocations


You had 15 spell levels left.
You knew the following spells:

 Your Spells              Type           Power      Damage    Failure   Level
a - Corona                Hex            44%        N/A       1%          1
b - Ensorcelled Hibernat  Hex/Ice        80%        N/A       1%          2
c - Confusing Touch       Hex            40%        N/A       1%          3
d - Dazzling Flash        Conj/Hex       54%        N/A       2%          3
t - Tukima's Dance        Hex            40%        N/A       1%          3

Your spell library contained the following spells:

 Spells                   Type           Power      Damage    Failure   Level
 Inner Flame              Hex/Fire       23%        N/A       4%          3
 Foxfire                  Conj/Fire      40%        2x1d6     7%          1
 Pain                     Necr           24%        1d5       11%         1
 Sublimation of Blood     Necr           3%         N/A       16%         2
 Conjure Flame            Conj/Fire      10%        6-21      21%         3
 Gell's Gravitas          Tloc           3%         N/A       30%         3
 Lesser Beckoning         Tloc           3%         N/A       30%         3
 Teleport Other           Tloc           6%         N/A       30%         3
 Irradiate                Conj/Tmut      5%         3d15      88%         5
 Blade Hands              Tmut           3%         N/A       96%         5
 Dragon Form              Tmut           3%         N/A       100%        7
 Infestation              Necr           3%         N/A       100%        8
 Necromutation            Tmut/Necr      3%         N/A       100%        8


Dungeon Overview and Level Annotations

Branches:
Dungeon (12/15)            Temple (1/1) D:5            Lair (1/6) D:9
    Orc (2/2) D:9             Elf (0/3) Orc:2         IceCv (1/1)

Altars:
Ashenzari
Cheibriados
Dithmenos
Elyvilon
Fedhas
Gozag
Hepliaklqana
Kikubaaqudgha
Makhleb
Nemelex Xobeh
Okawaru
Qazlal
Ru
Sif Muna
Trog
Uskayaw
Vehumet
Wu Jian
Xom
Yredelemnul
Zin
The Shining One
Beogh

Shops:
D:5 :   D:7 *   Orc:2 [?=*

Portals:
Pandemonium: Orc:2

Annotations:
D:3 2 transporters, speeev33's ghost, amateur HOFi
D:5 3 runed translucent doors, AttackTheMoon's ghost, weakling GrDe
D:6 3 runed translucent doors, Naeght's ghost, novice MfGl
D:10 Nergalle IceCv exclusion: 2 ice statues


Innate Abilities, Weirdness & Mutations

You are very small and have problems with some larger weapons.
You are too small for most types of armour.
You have supernaturally acute eyesight. (SInv)
You cover ground extremely quickly. (Speed+++)
You are clumsy. (Dex -2)


Message History

The ice beast is severely wounded.
Your shadow hits the ice beast with a dagger.
The ice beast hits you but does no damage.
The cane toad simulacrum hits you!
* * * LOW HITPOINT WARNING * * *
The cane toad simulacrum freezes you. You resist.
* * * LOW HITPOINT WARNING * * *
Your anaconda simulacrum barely misses the ice beast.
Your anaconda simulacrum misses the ice beast.
You hit the ice devil but do no damage.
Your shadow hits the ice devil with a dagger.
The ice devil hits you but does no damage.
You hit the ice devil but do no damage.
The ice devil is lightly wounded.
Your anaconda simulacrum constricts the ice beast but does no damage.
Your anaconda simulacrum bites the ice beast.
Your anaconda simulacrum freezes the ice beast.
The ice beast completely resists.
The ice beast barely misses you.
You hit the ice devil but do no damage.
The ice devil is lightly wounded.
The cane toad simulacrum completely misses you.
The white imp hits the ice devil but does no damage.
The ice devil hits you but does no damage.
Your anaconda simulacrum constricts the ice beast but does no damage.
Your anaconda simulacrum barely misses the ice beast.
You catch the helpless ice beast completely off-guard!
You hit the ice beast but do no damage.
The ice beast appears confused.
The ice beast is severely wounded.
The ice beast closely misses you.
Your anaconda simulacrum constricts the ice beast.
Your anaconda simulacrum freezes the ice beast.
The ice beast completely resists.
Your anaconda simulacrum bites the ice beast!
The ice beast dies!
You puncture the ice devil! You burn the ice devil.
The ice devil is heavily wounded.
The cane toad simulacrum hits you!
* * * LOW HITPOINT WARNING * * *
The cane toad simulacrum freezes you. You resist.
You die...

... .... ..#
#.## . ##..#
#..##..Z### #
#......Z#≈#..##
#54@≈≈Z..#
#.Z#≈≈#....
#Z.##≈# #
##..### #...##
##...# ##..##
##....#
##.....##


You could see an ice devil (ally target), a white imp (confused), a wolf
simulacrum, a cane toad simulacrum, a troll simulacrum, an entropy weaver
simulacrum and a friendly anaconda simulacrum (summoned).

Vanquished Creatures
  A hydra (Lair:1)
  A boulder beetle (D:11)
  Erica (D:8)
  3 orc high priests (Orc:2)
  Sonja (Orc:2)
  A gelid demonspawn (Orc:2)
  5 orc knights
  A cyclops (Orc:2)
  9 orc sorcerers
  A rust devil (Orc:2)
  An unseen horror (D:10)
  Psyche (D:8)
  A cane toad (Lair:1)
  2 komodo dragons
  2 ice devils
  2 red devils (Orc:2)
  5 trolls
  A hornet (D:8)
  A ynoxinul (Orc:2)
  6 wyverns
  4 vampire mosquitoes (D:12)
  A warg (Orc:1)
  A death yak simulacrum (IceCv)
  Menkaure (D:5)
  3 water moccasins
  3 sky beasts
  26 orc warriors
  An ice beast (D:5)
  4 black bears
  5 ogres
  4 centaurs
  A phantom (D:5)
  Blork the orc (D:4)
  4 bullfrogs
  4 scorpions
  A water moccasin skeleton (D:4)
  2 elephant simulacra (Lair:1)
  6 killer bees
  6 wights (D:9)
  3 centaur zombies
  2 centaur skeletons
  2 jellies
  11 orc priests
  3 hounds
  A gnoll shaman (D:6)
  Ijyb (D:3)
  3 iguanas
  13 orc wizards
  A scorpion zombie (D:5)
  A troll simulacrum (IceCv)
  2 spriggan simulacra (IceCv)
  A hound zombie (D:5)
  A howler monkey zombie (D:7)
  6 gnolls
  A howler monkey skeleton (D:7)
  11 adders
  A naga simulacrum (IceCv)
  3 shadow imps
  A white imp (D:7)
  2 ufetubi (IceCv)
  3 adder skeletons
  2 worms
  4 dart slugs (D:1)
  45 orcs
  11 endoplasms
  A giant cockroach (D:2)
  14 goblins
  6 hobgoblins
  2 quokkas (D:1)
  8 ball pythons
  5 bats
  5 frilled lizards
  7 kobolds
  8 rats
315 creatures vanquished.

Vanquished Creatures (collateral kills)
  An orc high priest (Orc:2)
  A gelid demonspawn (Orc:2)
  6 orc warriors
  A centaur (D:10)
  A gnoll sergeant (D:9)
  10 wights
  9 orc priests (Orc:2)
  4 gnolls
  32 orcs
65 creatures vanquished.

Vanquished Creatures (others)
  40 dancing weapons
  A white imp (IceCv)
  An ufetubus (IceCv)
  7 plants
49 creatures vanquished.

Grand Total: 429 creatures vanquished

Notes
Turn   | Place    | Note
-------+----------+-------------------------------------------
     0 | D:1      | Rickety the Spriggan Enchanter began the quest for the Orb.
     0 | D:1      | Reached XP level 1. HP: 9/9 MP: 5/5
   304 | D:1      | Reached XP level 2. HP: 12/13 MP: 4/7
   307 | D:1      | Learned a level 2 spell: Ensorcelled Hibernation
   505 | D:1      | Got the Collected Works on Dark Rituals
  1151 | D:1      | Reached XP level 3. HP: 16/16 MP: 5/8
  1155 | D:1      | Learned a level 3 spell: Confusing Touch
  1160 | D:1      | Reached skill level 5 in Stealth
  2138 | D:2      | Reached XP level 4. HP: 21/21 MP: 2/10
  2327 | D:2      | Found a faded altar of an unknown god.
  2792 | D:3      | Noticed a scorpion
  2796 | D:3      | Killed a scorpion
  2797 | D:3      | Reached skill level 6 in Stealth
  2797 | D:3      | Reached skill level 1 in Ice Magic
  2797 | D:3      | Reached XP level 5. HP: 24/24 MP: 11/11
  2799 | D:3      | Found a transporter.
  2799 | D:3      | Noticed speeev33's ghost (amateur HOFi)
  2876 | D:3      | Noticed Ijyb
  3008 | D:3      | HP: 1/24 [orc (11)]
  3741 | D:3      | Found a glowing golden altar of the Shining One.
  4159 | D:3      | Found a white marble altar of Elyvilon.
  4162 | D:3      | Found a radiant altar of Vehumet.
  4238 | D:3      | Reached skill level 7 in Stealth
  4284 | D:3      | Killed Ijyb
  4468 | D:3      | Found a transporter.
  4607 | D:3      | Found a hazy altar of Hepliaklqana.
  4608 | D:3      | Found a shadowy altar of Dithmenos.
  4608 | D:3      | Noticed a shadow
  4613 | D:3      | Became a worshipper of Dithmenos the Shadowed
  4649 | D:3      | Reached XP level 6. HP: 29/29 MP: 9/13
  4865 | D:3      | Learned a level 3 spell: Tukima's Dance
  4869 | D:3      | Learned a level 3 spell: Dazzling Flash
  4975 | D:4      | Noticed a sky beast
  5163 | D:4      | Noticed Blork the orc
  5599 | D:4      | Reached skill level 5 in Hexes
  5802 | D:4      | Killed Blork the orc
  5803 | D:4      | Reached skill level 8 in Stealth
  5803 | D:4      | Reached skill level 1 in Evocations
  5825 | D:4      | Killed a sky beast
  5826 | D:4      | Reached skill level 1 in Invocations
  5826 | D:4      | Reached XP level 7. HP: 32/32 MP: 11/14
  6158 | D:4      | Noticed a wyvern
  6161 | D:4      | Killed a wyvern
  6162 | D:4      | Reached skill level 9 in Stealth
  6628 | D:5      | Entered Level 5 of the Dungeon
  6628 | D:5      | Found a staircase to the Ecumenical Temple.
  6724 | D:5      | Found Bitulosy's Book Shoppe.
  6726 | D:5      | Noticed Menkaure
  7107 | D:5      | Reached skill level 10 in Stealth
  7480 | D:5      | Found a runed translucent gate.
  7480 | D:5      | Found a runed translucent gate.
  7480 | D:5      | Found a runed translucent gate.
  7480 | D:5      | Noticed AttackTheMoon's ghost (weakling GrDe)
  7534 | D:5      | Killed Menkaure
  7535 | D:5      | Reached skill level 11 in Stealth
  7535 | D:5      | Reached XP level 8. HP: 36/37 MP: 11/15
  7550 | Temple   | Entered the Ecumenical Temple
  7835 | D:5      | Reached * piety under Dithmenos
  7852 | D:5      | Reached skill level 1 in Fighting
  8336 | D:5      | Reached skill level 12 in Stealth
  8504 | D:5      | Found a broken altar of Ashenzari.
  8811 | D:6      | Reached skill level 13 in Stealth
  9049 | D:6      | Found a runed translucent gate.
  9049 | D:6      | Found a runed translucent gate.
  9049 | D:6      | Found a runed translucent gate.
  9051 | D:6      | Noticed Naeght's ghost (novice MfGl)
  9052 | D:6      | Noticed a cyclops
  9098 | D:6      | Reached skill level 14 in Stealth
  9192 | D:6      | Noticed a balrug
  9193 | D:6      | Found a burning altar of Makhleb.
  9198 | D:6      | Found a glowing silver altar of Zin.
  9198 | D:6      | Noticed an angel
  9217 | D:6      | Found a bloodstained altar of Trog.
  9226 | D:6      | Reached XP level 9. HP: 42/42 MP: 9/16
 10134 | D:7      | Reached skill level 1 in Throwing
 10327 | D:7      | Reached ** piety under Dithmenos
 10514 | D:7      | Found Gozag's Platinum Reserve.
 10630 | D:7      | Found an opulent altar of Gozag.
 10667 | D:7      | Reached skill level 5 in Spellcasting
 10667 | D:7      | Reached skill level 1 in Conjurations
 11359 | D:8      | Reached skill level 15 in Stealth
 11367 | D:8      | Noticed Psyche
 11374 | D:8      | Killed Psyche
 11375 | D:8      | Reached XP level 10. HP: 47/47 MP: 19/19
 11496 | D:8      | Noticed Erica
 11499 | D:8      | Killed Erica
 11500 | D:8      | Reached skill level 5 in Dodging
 11896 | D:8      | Found a sparkling altar of Nemelex Xobeh.
 12099 | D:9      | Found a staircase to the Orcish Mines.
 12154 | D:9      | Reached *** piety under Dithmenos
 12576 | D:9      | Noticed a death yak
 12576 | D:9      | Noticed a death yak
 12577 | D:9      | Noticed a death yak
 12597 | D:9      | Noticed a catoblepas
 12653 | D:9      | You fall into a shaft and drop 3 floors!
 12657 | D:12     | Reached skill level 16 in Stealth
 12911 | D:12     | Identified the ring of Suph {rPois rN++ Will+}
 13061 | D:11     | Noticed a boulder beetle
 13065 | D:11     | Killed a boulder beetle
 13114 | D:10     | Entered Level 10 of the Dungeon
 13209 | D:10     | Reached skill level 17 in Stealth
 13286 | D:9      | Noticed a death yak
 13286 | D:9      | Noticed a death yak
 13363 | D:10     | Reached XP level 11. HP: 52/52 MP: 12/21
 13477 | D:10     | Noticed Nergalle
 13548 | D:9      | Found a shimmering altar of Xom.
 13702 | D:9      | Found an iron altar of Okawaru.
 14654 | D:9      | Reached **** piety under Dithmenos
 14779 | D:9      | Found a staircase to the Lair.
 14937 | Orc:1    | Entered Level 1 of the Orcish Mines
 14937 | Orc:1    | Noticed an orc sorcerer
 14941 | Orc:1    | Noticed a sixfirhy
 14949 | Orc:1    | Killed an orc sorcerer
 14950 | Orc:1    | Reached skill level 18 in Stealth
 15262 | Orc:2    | Entered Level 2 of the Orcish Mines
 15262 | Orc:2    | Noticed Sonja
 15268 | Orc:2    | Killed Sonja
 15760 | Orc:2    | Found Cidyh's General Store.
 15767 | Orc:2    | Noticed an orc knight
 15864 | Orc:1    | Killed an orc knight
 16444 | Orc:2    | Reached skill level 19 in Stealth
 16741 | Orc:2    | Found Cauno's Magic Scroll Emporium.
 17179 | Orc:2    | Reached ***** piety under Dithmenos
 17514 | Orc:2    | Bought 3 curare-tipped darts for 23 gold pieces
 17691 | Orc:2    | Noticed an orc high priest
 17691 | Orc:2    | Noticed an orc high priest
 17691 | Orc:2    | Noticed an orc knight
 17706 | Orc:2    | Killed an orc high priest
 17707 | Orc:2    | Reached skill level 1 in Shields
 17881 | Orc:2    | Found a staircase to the Elven Halls.
 17881 | Orc:2    | Noticed an orc knight
 18106 | Orc:2    | Killed an orc knight
 18532 | Orc:2    | Reached XP level 12. HP: 58/58 MP: 18/24
 18816 | Orc:2    | Noticed an orc high priest
 19370 | Orc:2    | Killed an orc high priest
 19371 | Orc:2    | Reached skill level 5 in Evocations
 19476 | Orc:2    | Noticed an orc high priest
 19539 | Orc:2    | Killed an orc high priest
 19691 | Orc:2    | Gained mutation: You are clumsy. (Dex -2) [a neqoxec]
 19890 | Orc:2    | Killed an orc high priest
 19891 | Orc:2    | Reached skill level 5 in Short Blades
 20120 | Orc:2    | Reached skill level 10 in Hexes
 20400 | Orc:2    | Reached skill level 5 in Invocations
 20469 | Orc:2    | Found Luhucev's Jewellery Shop.
 20469 | Orc:2    | Found Adwuogaf's Antique Armour Boutique.
 20470 | Orc:2    | Found a one-way gate leading to the halls of Pandemonium.
 20837 | Lair:1   | Entered Level 1 of the Lair of Beasts
 20840 | Lair:1   | Noticed a five-headed hydra
 20848 | Lair:1   | Killed a five-headed hydra
 20849 | Lair:1   | Reached skill level 5 in Fighting
 20849 | Lair:1   | Reached skill level 20 in Stealth
 20979 | Lair:1   | Found a frozen archway.
 21010 | IceCv    | Entered an ice cave
 21563 | IceCv    | HP: 1/90 [cane toad simulacrum (10)]
 21563 | IceCv    | Slain by a cane toad simulacrum

Illustrated notes

Levels and vault maps discovered:
D:1:      roderic_octagonal_star, layout_basic, hex_large
D:2:      layout_rooms, hellmonk_ecumenical_altar_lost_god
D:3:      kennysheep_the_goblin_king, layout_loops_ring,
          riverfiend_overflow_shadow_ancestor, tso_oasis_becter, minitemple,
          gammafunk_ghost_mausoleum
D:4:      layout_basic, grunt_tough_drop, uniq_blork_the_orc
D:5:      layout_loops_ring, mainiacjoe_overflow_chevrons,
          minmay_temple_entry_arrows, gammafunk_ghost_split, serial_shops,
          nicolae_shop_statue_plus, minmay_fractal_squares_5, uniq_menkaure
D:6:      layout_rooms, grunt_temple_overflow_order_and_chaos_2,
          trog_ov_bears_minmay, gammafunk_ghost_split
D:7:      layout_basic, nicolae_gozag_zags_fifth_avenue, chequers_garden,
          kennysheep_generic_room_13
D:8:      layout_loops_ring, nemelex_spade_bored_becter, uniq_psyche, uniq_erica
D:9:      layout_roguey, lemuel_doored_altar, xom_teletrap_fun,
          dpeg_lair_monsters, david_orc_5
D:10:     layout_stronghold, uniq_nergalle
D:11:     layout_basic, nzn_ghost_randoct
D:12:     layout_loops_ring, kennysheep_generic_room_8
Temple:   jpeg_temple_island
Lair:1:   layout_regular_city, portal_ice_cave_entry_ice_simulacra,
          grunt_megastairs_2, serial_bayou_shore_a
Orc:1:    layout_diamond_mine, basic_altar
Orc:2:    pf_orc_diabolical, layout_caves, special_room, uniq_sonja
IceCv:    ice_cave_small_demon

Skill      XL: |  1  2  3  4  5  6  7  8  9 10 11 12 |
---------------+-------------------------------------+-----
Spellcasting   | 3 4 5 6 7 8 |  8.0
Hexes          | 4 5 6 7 8 9 10 | 10.0
Stealth        | 5 6 7 8 11 14 15 17 19 20 | 20.3
Short Blades   | 2 3 4 5 |  5.6
Dodging        | 3 4 6 7 |  7.6
Ice Magic      | 1 2 |  2.0
Evocations     | 1 2 3 4 6 |  6.0
Invocations    | 1 2 4 5 |  5.3
Fighting       | 1 2 3 4 5 |  5.1
Throwing       | 2 |  2.0
Conjurations   | 1 2 |  2.0
Shields        | 1 2 |  2.0

Action                   |  1- 3 |  4- 6 |  7- 9 | 10-12 || total
-------------------------+-------+-------+-------+-------++-------
Melee: Dagger            |    86 |    38 |   259 |   636 ||  1019
       Short sword       |     6 |    85 |    11 |       ||   102
 Cast: Corona            |     4 |       |       |       ||     4
       Ensorcelled Hiber |    29 |    21 |    68 |   111 ||   229
       Confusing Touch   |       |    13 |    20 |    67 ||   100
       Tukima's Dance    |       |     2 |    14 |   131 ||   147
       Dazzling Flash    |       |       |     4 |    20 ||    24
Evoke: Wand              |       |       |       |     1 ||     1
  Use: Scroll            |       |       |     6 |     4 ||    10
       Potion            |       |       |       |     4 ||     4
 Stab: Sleeping          |    27 |    22 |    54 |    74 ||   177
       Confused          |       |     6 |    18 |    49 ||    73
       Distracted        |       |       |     6 |     6 ||    12
       Invisible         |       |       |     1 |    12 ||    13
Armor: Robe              |     7 |     2 |    23 |    12 ||    44
       Troll leather arm |       |       |       |    80 ||    80
Dodge: Dodged            |    71 |    57 |   162 |   570 ||   860
